 Dungeon Crawl Stone Soup version 0.22-a0-351-g29664b4 (webtiles) character file.

10085 vishdafish the Spear-Bearer (level 11, 0/123 HPs)
             Began as an Octopode Berserker on Apr 13, 2018.
             Was a High Priest of Trog.
             Slain by Pawles22's ghost (34 damage)
             ... on level 11 of the Dungeon.
             The game lasted 00:18:48 (10591 turns).

vishdafish the Spear-Bearer (Octopode Berserker)   Turns: 10591, Time: 00:18:49

Health: 0/123      AC:  3    Str: 22    XL:     11   Next: 56%
Magic:  0/3        EV: 16    Int: 12    God:    Trog [*****.]
Gold:   537        SH: 11    Dex: 12    Spells: 10/10 levels left

rFire    + . .     SeeInvis .   N - +4 trident (antimagic)
rCold    . . .     Gourm    .   M - +0 shield
rNeg     . . .     Faith    .   q - +2 hat
rPois    .         Spirit   +   L - amulet of guardian spirit
rElec    .         Reflect  .   j - ring of protection from magic
rCorr    .         Harm     .   A - ring of protection from fire
MR       +....                  E - ring of wizardry
Stlth    ..........             (no ring)
HPRegen  0.30/turn              (no ring)
MPRegen  0.08/turn              (no ring)
                                (no ring)
                                (no ring)

@: berserking, very quick
A: almost no armour, stealthy swim, amphibious, 8 rings, constrict 8, camouflage
1, gelatinous body 1
a: Berserk, Trog's Hand, Brothers in Arms, Renounce Religion


You were on level 11 of the Dungeon.
You worshipped Trog.
Trog was extremely pleased with you.
You were very hungry.

You visited 2 branches of the dungeon, and saw 12 of its levels.

You collected 593 gold pieces.
You spent 56 gold pieces at shops.

Inventory:

Hand Weapons
 r - a +1 trident
 v - the +8 arbalest "Caqeh Posec" {flame, *Slow Int+7 Dex+7}
   (You found it on level 4 of the Dungeon)

   It causes projectiles fired from it to burn those they strike, causing extra
   injury to most foes and up to half again as much damage against particularly
   susceptible opponents.
   It affects your intelligence (+7).
   It affects your dexterity (+7).
   It may slow you when you take damage.
 N - a +4 antimagic trident (weapon)
Missiles
 C - 2 throwing nets (quivered)
Armour
 q - a +2 hat (worn)
 u - a +0 buckler
 G - a +0 shield
 M - a +0 shield (worn)
Jewellery
 j - a ring of protection from magic (left tentacle)
 A - a ring of protection from fire (right tentacle)
 E - a ring of wizardry (on tentacle)
 L - an amulet of guardian spirit (around mantle)
Wands
 x - a wand of polymorph (15)
 J - a wand of iceblast (12)
 K - a wand of flame (33)
 P - a wand of enslavement (11)
Scrolls
 a - a scroll of vulnerability {unknown}
 d - 2 scrolls of immolation {unknown}
 g - 2 scrolls of amnesia
 h - 2 scrolls of fog
 k - 3 scrolls of blinking
 l - 4 scrolls of random uselessness
 m - 4 scrolls of teleportation {unknown}
 n - 2 scrolls of fear
 o - 3 scrolls of noise
 w - 3 scrolls of remove curse
 y - a scroll of magic mapping {unknown}
 D - a scroll of holy word {unknown}
 I - a scroll of enchant weapon
Potions
 c - 4 potions of curing
 e - 2 potions of ambrosia
 f - 3 potions of flight
 i - 2 potions of agility
 p - a potion of lignification {unknown}
 s - a potion of heal wounds {unknown}
 t - 2 potions of invisibility
 z - 2 potions of berserk rage
 B - 2 potions of might
 F - a potion of degeneration {unknown}
 H - a potion of mutation {unknown}
Comestibles
 b - 11 rations
 O - a chunk of flesh


   Skills:
 + Level 10.3 Fighting
 + Level 10.4 Polearms
 + Level 7.6 Dodging
 * Level 8.7 Shields


You had 10 spell levels left.
You didn't know any spells.

Dungeon Overview and Level Annotations

Branches:
Dungeon (11/15)            Temple (1/1) D:7            Lair (0/6) D:10
    Orc (0/2) D:11

Altars:
Ashenzari
Cheibriados
Elyvilon
Fedhas
Gozag
Hepliaklqana
Nemelex Xobeh
Okawaru
Qazlal
Trog
Uskayaw
Vehumet
Wu Jian
Xom
Yredelemnul
Zin

Shops:
D:9 ?

Annotations:
D:11 Pawles22's ghost, journeyman OgHu


Innate Abilities, Weirdness & Mutations

You cannot wear most types of armour.
You are very stealthy in the water. (Stealth+)
You are amphibious.
You can wear up to eight rings at the same time.
You can use your tentacles to constrict eight enemies at once.
Your skin changes colour to match your surroundings (Stealth+).
Your rubbery body absorbs attacks. (AC +1, EV +1)


Message History

Pawles22's ghost is lightly damaged.
You hit Pawles22's ghost.
Pawles22's ghost is lightly damaged.
You block Pawles22's ghost's attack.
You puncture Pawles22's ghost!
Pawles22's ghost is moderately damaged.
You block Pawles22's ghost's attack.
You puncture Pawles22's ghost! You squeeze Pawles22's ghost.
Pawles22's ghost is moderately damaged.
You puncture Pawles22's ghost!
Pawles22's ghost is heavily damaged.
Pawles22's ghost hits you!! Pawles22's ghost burns you.
* * * LOW HITPOINT WARNING * * *
You closely miss Pawles22's ghost.
Pawles22's ghost is heavily damaged.
You impale Pawles22's ghost!! You squeeze Pawles22's ghost!
Pawles22's ghost is severely damaged.
Pawles22's ghost says, "They'll have to sweep you off the floor after I'm finished with you!"
Pawles22's ghost hits you!!
You die...

###.## #..[..# #.##.###.# #.#
#.##.## #.##.# #.# #.#
#.##.#### #.##.###.# #.#
#....... #.##...#.# #.#
###...## #.####.#.# ###.#
##...<.## #........# ##...#
##.......## ###.##.###
####...####.........####)..#.#
......(W..'....(@...()(.()...#
#.........#....W....####...#.#
#.##..#.#.##..รท....## ##.##.#
#.##..#.#.###.....## ####.#
#.##....#.# ##...## #[#
#.##.#..#.# ##'## ######.#
#........(# #.# #......#
######.#### #.# #.###### #.#
##.## #.#


You could see Pawles22's ghost.

Vanquished Creatures
  2 two-headed ogres
  Pikel (D:7)
  An ugly thing (D:11)
  A manticore (D:11)
  Joseph (D:7)
  A merfolk (D:9)
  The ghost of budo the Skirmisher, an amateur HuBe of Trog (D:3)
  A hippogriff (D:7)
  3 wraiths (D:7)
  A wyvern (D:10)
  5 yaks (D:11)
  A hungry ghost (D:8)
  Duvessa (D:7)
  2 hell hounds (D:10)
  An ice beast (D:6)
  4 orc warriors
  2 slaves
  2 sky beasts
  A black bear (D:7)
  3 necrophages
  5 ogres
  A phantom (D:9)
  A centaur (D:6)
  3 big kobolds
  4 bullfrogs
  A water moccasin zombie (D:6)
  Dowan (D:7)
  10 wights
  9 killer bees (D:10)
  3 howler monkeys
  6 crimson imps
  A bullfrog zombie (D:5)
  A centaur zombie (D:7)
  5 human zombies (D:7)
  9 orc priests
  A hound (D:9)
  4 jellies
  A quasit (D:11)
  8 orc wizards
  2 bullfrog skeletons
  2 human skeletons (D:7)
  5 iguanas
  8 worker ants
  A hound zombie (D:3)
  A hound skeleton (D:8)
  A worker ant zombie (D:10)
  4 gnolls (D:5)
  A howler monkey skeleton (D:4)
  4 adders
  3 shadow imps
  2 oozes
  An adder zombie (D:5)
  2 adder skeletons
  4 worms
  2 dart slugs
  4 leopard geckos
  63 orcs
  9 giant cockroaches
  5 goblins
  5 hobgoblins
  35 jackals
  19 kobolds
  3 quokkas
  2 ball pythons (D:2)
  13 bats
  7 frilled lizards
  A jackal skeleton (D:5)
  A leopard gecko skeleton (D:5)
  10 rats
329 creatures vanquished.

Vanquished Creatures (others)
  A slave (D:7)
  A wight (D:7)
  An orc wizard (D:7)
  A howler monkey skeleton (D:7)
4 creatures vanquished.

Grand Total: 333 creatures vanquished

Notes
Turn   | Place    | Note
-------+----------+-------------------------------------------
     0 | D:1      | vishdafish the Octopode Berserker began the quest for the Orb.
     0 | D:1      | Reached XP level 1. HP: 16/16 MP: 1/1
    57 | D:1      | Reached XP level 2. HP: 16/21 MP: 2/2
   417 | D:1      | Reached XP level 3. HP: 26/26 MP: 3/3
   773 | D:1      | Reached ** piety under Trog
  1250 | D:2      | Reached XP level 4. HP: 24/33 MP: 4/4
  1558 | D:2      | Reached XP level 5. HP: 29/37 MP: 5/5
  1697 | D:2      | Found a bloodstained altar of Trog.
  2334 | D:3      | Reached *** piety under Trog
  2399 | D:3      | Reached XP level 6. HP: 38/44 MP: 6/6
  2429 | D:3      | Noticed budo's ghost (amateur HuBe)
  2461 | D:3      | Killed budo's ghost
  2461 | D:3      | Reached skill level 5 in Polearms
  2461 | D:3      | Reached skill level 5 in Dodging
  2461 | D:3      | Reached XP level 7. HP: 32/49 MP: 7/7
  2469 | D:3      | Reached skill level 5 in Fighting
  2905 | D:4      | Got a shimmering arbalest
  2906 | D:4      | Identified the +8 arbalest "Caqeh Posec" {flame, *Slow Int+7 Dex+7} (You found it on level 4 of the Dungeon)
  3060 | D:4      | Reached **** piety under Trog
  3077 | D:4      | Found a sparkling altar of Nemelex Xobeh.
  3734 | D:4      | Reached XP level 8. HP: 48/57 MP: 8/8
  3965 | D:5      | Entered Level 5 of the Dungeon
  4994 | D:6      | Reached skill level 1 in Shields
  5163 | D:6      | Found an opulent altar of Gozag.
  5234 | D:6      | Reached XP level 9. HP: 43/64 MP: 9/9
  5872 | D:7      | Noticed Pikel
  6055 | D:7      | Reached ***** piety under Trog
  6120 | D:7      | Found a staircase to the Ecumenical Temple.
  6129 | Temple   | Entered the Ecumenical Temple
  6134 | D:7      | Noticed Duvessa
  6135 | D:7      | Noticed Dowan
  6143 | D:7      | Killed Duvessa
  6149 | D:7      | Killed Dowan
  6168 | D:7      | Reached skill level 5 in Shields
  6562 | D:7      | Found a basalt altar of Yredelemnul.
  6873 | D:7      | Killed Pikel
  6873 | D:7      | Reached XP level 10. HP: 73/73 MP: 10/10
  6937 | D:7      | Noticed Joseph
  6945 | D:7      | Killed Joseph
  7661 | D:8      | Found a radiant altar of Vehumet.
  7770 | D:8      | Found a blossoming altar of Fedhas.
  8110 | D:8      | Found a sparkling altar of Nemelex Xobeh.
  8239 | D:9      | Found a shattered altar of Ashenzari.
  8469 | D:9      | Noticed a two-headed ogre
  8479 | D:9      | Killed a two-headed ogre
  8553 | D:9      | Found a shimmering altar of Xom.
  8554 | D:9      | Found a shimmering altar of Xom.
  8853 | D:9      | Found Utiaquej's Magic Scroll Shoppe.
  8861 | D:9      | Bought a scroll of identify for 28 gold pieces
  8861 | D:9      | Bought a scroll of identify for 28 gold pieces
  8914 | D:9      | Found a shimmering altar of Xom.
  9057 | D:10     | Entered Level 10 of the Dungeon
  9058 | D:10     | Found an opulent altar of Gozag.
  9157 | D:10     | Reached XP level 11. HP: 81/81 MP: 9/11
  9162 | D:10     | Received a gift from Trog
  9162 | D:10     | Reached skill level 10 in Polearms
  9306 | D:10     | Found a staircase to the Lair.
  9637 | D:10     | Reached skill level 10 in Fighting
  9975 | D:11     | Found a staircase to the Orcish Mines.
 10148 | D:11     | Noticed a cyan ugly thing
 10155 | D:11     | Killed a cyan ugly thing
 10268 | D:11     | Noticed a two-headed ogre
 10279 | D:11     | Killed a two-headed ogre
 10356 | D:11     | Noticed a manticore
 10365 | D:11     | Killed a manticore
 10460 | D:11     | Noticed Pawles22's ghost (journeyman OgHu)
 10591 | D:11     | Slain by Pawles22's ghost

Vault maps used:
D:1:      minmay_arrival_four_loops
D:2:      lemuel_coloured_pillars_altar, first_ration, corexii_corridor_pit,
          item_on_display_a
D:3:      minmay_diamond_boxcup
D:4:      grunt_ministairs_7, nemelex_spade_bored_becter
D:6:      marbit_many_paths, hangedman_decor_opposing
D:7:      lemuel_mausoleum_altar_yredelemnul, minmay_temple_entry_overgrown,
          uniq_duvessa, uniq_pikel, uniq_joseph
D:8:      old_standard_altar, lemuel_doored_altar, vehumet_altar_wand_db
D:9:      xom_shifter_show, ashenzari_altar_1, serial_shops, nicolae_shop_stone,
          serial_column_ruins, column_ruins_courtyard_long,
          column_ruins_columns_straight, column_ruins_corridor_dead_end,
          column_ruins_grid_1, column_ruins_open_small_water,
          column_ruins_corridor_T, column_ruins_columns_straight,
          column_ruins_columns_dead_end, hangedman_fish_farm
D:10:     minmay_lair_entry_lava, grunt_gozag_breadcrumbs
D:11:     hiddenorc2_lemuel
Temple:   eino_narrow_crystal_temple

Skill      XL: |  1  2  3  4  5  6  7  8  9 10 11 |
---------------+----------------------------------+-----
Polearms       | 4 5 6 7 8 9 10 | 10.4
Fighting       | 4 6 7 8 9 10 | 10.3
Dodging        | 4 5 6 7 |  7.6
Shields        | 3 7 8 |  8.7

Action                   |  1- 3 |  4- 6 |  7- 9 | 10-12 || total
-------------------------+-------+-------+-------+-------++-------
Melee: Spear             |    96 |    62 |       |       ||   158
       Constrict         |    22 |    24 |    59 |    58 ||   163
       Tentacles         |    16 |    21 |    81 |    68 ||   186
       Trident           |       |    53 |   374 |   373 ||   800
Invok: Berserk           |     1 |     3 |    14 |    15 ||    33
  Use: Scroll            |       |       |     8 |     4 ||    12
       Potion            |       |       |     3 |       ||     3
 Stab: Sleeping          |    10 |    13 |    18 |     8 ||    49
  Eat: Chunk             |     2 |     3 |    20 |    23 ||    48
       Ration            |       |     1 |     2 |     1 ||     4
Armor: Skin              |     6 |    21 |    19 |    16 ||    62
Dodge: Dodged            |    45 |    97 |   163 |    94 ||   399
Block: Buckler           |       |       |    25 |    22 ||    47
       Shield            |       |       |       |    63 ||    63

Table legend:
 A = Spawn XP
 B = Non-spawn XP
 C = Spawn XP percentage of total XP
 D = Spawn monster count
 E = Non-spawn monster count
 F = Spawn count percentage of total count
 G = Total turns spent on level
                    A         B        C        D         E        F      G
               +---------+---------+-------+---------+---------+-------+---------
         Total |       0 |   14408 |   0.0 |       0 |     327 |   0.0 | 10591
               +---------+---------+-------+---------+---------+-------+---------
           D:1 |       0 |      52 |   0.0 |       0 |      30 |   0.0 |  1049
           D:2 |       0 |     153 |   0.0 |       0 |      36 |   0.0 |   922
           D:3 |       0 |     453 |   0.0 |       0 |      37 |   0.0 |   924
           D:4 |       0 |     544 |   0.0 |       0 |      22 |   0.0 |  1070
           D:5 |       0 |     594 |   0.0 |       0 |      24 |   0.0 |  1018
           D:6 |       0 |     862 |   0.0 |       0 |      25 |   0.0 |  1000
           D:7 |       0 |    3586 |   0.0 |       0 |      37 |   0.0 |  1498
           D:8 |       0 |     871 |   0.0 |       0 |      27 |   0.0 |   707
           D:9 |       0 |    1754 |   0.0 |       0 |      15 |   0.0 |   867
          D:10 |       0 |    1574 |   0.0 |       0 |      26 |   0.0 |   878
          D:11 |       0 |    3965 |   0.0 |       0 |      48 |   0.0 |   656
               +---------+---------+-------+---------+---------+-------+---------
